 Dungeon Crawl Stone Soup version 0.31-a0-189-ga26ba32dd1 (webtiles) character file.

Game seed: 16940539342076691417

200 qw the Skirmisher (level 5, -6/29 HPs)
             Began as a Deep Elf Hunter on June 23, 2023.
             Mangled by an ogre
             ... wielding a +0 giant club
              (21 damage)
             ... on level 4 of the Dungeon.
             The game lasted 00:01:08 (2875 turns).

qw the Skirmisher (Deep Elf Hunter)                 Turns: 2875, Time: 00:01:08

Health: -6/29      AC:  7    Str: 10    XL:     5   Next: 49%
Magic:  7/7        EV:  9    Int: 14    God:
Gold:   166        SH:  0    Dex: 18    Spells: 4/4 levels left

rFire   . . .        Y - +1 shortbow
rCold   . . .        (shield currently unavailable)
rNeg    . . .        h - +0 scale mail
rPois   .            (no helmet)
rElec   .            (no cloak)
rCorr   .            d - +0 pair of gloves
SInv    .            (no boots)
Will    .....        (no amulet)
Stlth   +            (no ring)
HPRegen 0.24/turn    (no ring)
MPRegen 0.10/turn

%: no passive effects
@: no status effects
A: no striking features
a: no special abilities


You were on level 4 of the Dungeon.
You visited 1 branch of the dungeon, and saw 4 of its levels.

You collected 166 gold pieces.


   Skills:
 - Level 1.5 Fighting
 - Level 9.0 Ranged Weapons
 + Level 0.0 Armour
 - Level 2.4 Dodging
 - Level 1.2 Stealth


You had 4 spell levels left.
You didn't know any spells.
Your spell library was empty.

Inventory:

Hand Weapons
 Y - a +1 shortbow (weapon)
Armour
 d - a +0 pair of gloves (worn)
 h - a +0 scale mail (worn)
Scrolls
 b - a scroll of identify
Potions
 e - a potion of lignification {unknown}
 f - a potion of curing
 g - a potion of might {unknown}
 j - a potion of magic {unknown}
 k - a potion of cancellation {unknown}
 l - a potion of heal wounds {unknown}

Dungeon Overview and Level Annotations

Branches:
Dungeon (4/15)
 Temple: D:4-7

Altars:
Dithmenos
Gozag
Qazlal


Message History

The hound is heavily wounded.
The hound bites you. The hound bites you but does no damage.
You shoot an arrow. The arrow closely misses the hound.
The hound bites you. The hound bites you but does no damage.
You shoot an arrow. The arrow hits the hound.
The hound is severely wounded.
The hound bites you. The hound bites you but does no damage.
You shoot an arrow. The arrow closely misses the hound.
The hound barely misses you.
You shoot an arrow.
The arrow hits the hound but does no damage.
The hound is severely wounded.
The hound barely misses you. The hound bites you but does no damage.
You shoot an arrow. The arrow misses the hound.
The hound bites you but does no damage. The hound barely misses you.
You shoot an arrow. The arrow hits the hound!
You kill the hound!
Your Ranged Weapons skill increases to level 9!
You start resting.
An ogre comes into view. It is wielding a +0 giant club.
The ogre shouts!
A hound comes into view.
The hound barks!
You shoot an arrow. The arrow closely misses the ogre.
The ogre barely misses you.
You shoot an arrow. The arrow hits the ogre.
The ogre is lightly wounded.
The ogre completely misses you.
You shoot an arrow. The arrow hits the ogre!
The ogre is heavily wounded.
The hound bites the plant.
The plant begins to die.
The ogre completely misses you.
The hound bites the plant.
You shoot an arrow. The arrow hits the ogre!
The ogre is almost dead.
The ogre hits you with a +0 giant club!
You shoot an arrow. The arrow barely misses the ogre.
The arrow closely misses the hound.
The ogre hits you with a +0 giant club!!
Ouch! That really hurt!
You die...

#########
########.......#
#...h......).#.#
#..@O.##.###.#.#
.._...PPP.##.# #.#.#
P...PPPP..##.###.#.##
PPPPP.....##........#
.PPP....P.....#####.#
.....PPPP.###.# #.#
P...PPP...# .# #.#
PPPPP...### .# #.#
.#.#####.#


You could see an ogre and a hound.

Vanquished Creatures
  A hound (D:4)
  An orc priest (D:3)
  An orc wizard (D:2)
  A gnoll (D:1)
  2 adders
  A dart slug (D:1)
  9 orcs
  5 ball pythons
  9 bats
  5 endoplasms
  2 giant cockroaches (D:1)
  7 goblins
  5 hobgoblins
  4 jackals (D:1)
  4 quokkas
  5 frilled lizards
  8 kobolds
  5 rats
75 creatures vanquished.

Notes
Turn   | Place    | Note
-------+----------+-------------------------------------------
     0 | D:1      | qw the Deep Elf Hunter began the quest for the Orb.
     0 | D:1      | Reached XP level 1. HP: 12/12 MP: 3/3
     0 | D:1      | 0 ||| qw: Version: 0.3-a-9-g12657ce
     0 | D:1      | 0 ||| qw: Game counter: 4432
     0 | D:1      | 0 ||| qw: Always use a shield: true
     0 | D:1      | 0 ||| qw: God list: Okawaru
     0 | D:1      | 0 ||| qw: Allow faded altars: false
     0 | D:1      | 0 ||| qw: Do Orc after D:15 true
     0 | D:1      | 0 ||| qw: Do second Lair branch before Depths: true
     0 | D:1      | 0 ||| qw: Lair rune preference: random
     0 | D:1      | 0 ||| qw: Plans: Normal
     0 | D:1      | 0 ||| PLANNING D:1-11
    12 | D:1      | 12 ||| Stepping ~*~*~tactically~*~*~ (water).
    65 | D:1      | 65 ||| UPGRADING to +0 pair of gloves.
   224 | D:1      | Reached XP level 2. HP: 16/16 MP: 4/4
   252 | D:1      | Reached skill level 6 in Ranged Weapons
   321 | D:1      | 321 ||| FLEEEEING.
   322 | D:1      | 322 ||| FLEEEEING.
   337 | D:1      | 337 ||| FLEEEEING.
   338 | D:1      | 338 ||| FLEEEEING.
   465 | D:1      | 465 ||| FLEEEEING.
   466 | D:1      | 466 ||| FLEEEEING.
   558 | D:1      | Reached XP level 3. HP: 20/20 MP: 5/5
   576 | D:1      | HP: 4/20 [gnoll/+0 flail (12)]
   577 | D:1      | HP: 1/20 [gnoll/+0 flail (4)]
   735 | D:1      | Reached skill level 7 in Ranged Weapons
  1060 | D:1      | 1060 ||| READING scroll labelled PIM IRIKEISER.
  1097 | D:1      | 1097 ||| READING scroll labelled DETEWK UTTATI.
  1098 | D:1      | 1098 ||| READING scroll labelled KUCEWOOLOY.
  1099 | D:1      | 1099 ||| READING scroll labelled OHINWUKH UKHLOS.
  1100 | D:1      | 1100 ||| READING scroll labelled QENOZE APIRCH.
  1201 | D:1      | 1201 ||| DROPPING scroll of butterflies.
  1630 | D:2      | Found a shadowy altar of Dithmenos.
  1638 | D:2      | Reached XP level 4. HP: 25/25 MP: 6/6
  2089 | D:2      | 2089 ||| READING scroll labelled ANGAIL WU GAIB.
  2092 | D:2      | 2092 ||| DRINKING 2 pink potions.
  2103 | D:3      | 2103 ||| STAIRDANCE
  2141 | D:3      | 2141 ||| STAIRDANCE
  2204 | D:3      | Reached skill level 8 in Ranged Weapons
  2233 | D:3      | Reached XP level 5. HP: 20/29 MP: 7/7
  2233 | D:3      | 2233 ||| FLEEEEING.
  2234 | D:3      | 2234 ||| FLEEEEING.
  2235 | D:3      | 2235 ||| FLEEEEING.
  2236 | D:3      | 2236 ||| FLEEEEING.
  2237 | D:3      | 2237 ||| FLEEEEING.
  2238 | D:3      | 2238 ||| FLEEEEING.
  2239 | D:3      | 2239 ||| FLEEEEING.
  2240 | D:3      | 2240 ||| FLEEEEING.
  2241 | D:3      | 2241 ||| FLEEEEING.
  2242 | D:3      | 2242 ||| FLEEEEING.
  2243 | D:3      | 2243 ||| FLEEEEING.
  2244 | D:3      | 2244 ||| FLEEEEING.
  2245 | D:3      | 2245 ||| FLEEEEING.
  2246 | D:3      | 2246 ||| FLEEEEING.
  2247 | D:3      | 2247 ||| FLEEEEING.
  2248 | D:3      | 2248 ||| FLEEEEING.
  2249 | D:3      | 2249 ||| FLEEEEING.
  2250 | D:3      | 2250 ||| FLEEEEING.
  2251 | D:3      | 2251 ||| FLEEEEING.
  2252 | D:3      | 2252 ||| FLEEEEING.
  2253 | D:3      | 2253 ||| FLEEEEING.
  2254 | D:3      | 2254 ||| FLEEEEING.
  2255 | D:3      | 2255 ||| FLEEEEING.
  2256 | D:3      | 2256 ||| FLEEEEING.
  2257 | D:3      | 2257 ||| FLEEEEING.
  2258 | D:3      | 2258 ||| STAIRDANCE
  2270 | D:3      | 2270 ||| STAIRDANCE
  2287 | D:3      | 2287 ||| STAIRDANCE
  2471 | D:3      | Found a stormy altar of Qazlal.
  2783 | D:3      | 2783 ||| UPGRADING to +0 scale mail.
  2793 | D:3      | 2793 ||| DROPPING +0 leather armour.
  2794 | D:3      | 2794 ||| READING scroll labelled FOIZUUS UZIGO.
  2795 | D:3      | 2795 ||| READING scroll labelled SYSOFR OMAWK.
  2796 | D:3      | 2796 ||| DRINKING 2 lumpy white potions.
  2797 | D:3      | 2797 ||| READING 2 scrolls of identify.
  2797 | D:3      | 2797 ||| IDENTIFYING bubbling blue potion
  2798 | D:3      | 2798 ||| DROPPING potion of invisibility.
  2799 | D:3      | 2799 ||| DROPPING potion of attraction.
  2841 | D:4      | Found an opulent altar of Gozag.
  2859 | D:4      | Reached skill level 9 in Ranged Weapons
  2860 | D:4      | Noticed an ogre
  2875 | D:4      | Mangled by an ogre

Levels and vault maps discovered:
D:1:      dpeg_arrival_subterranean_lakeside_camping, layout_basic,
          item_on_display_a
D:2:      layout_basic, basic_altar
D:3:      wad_pebble_path, layout_loops_ring, nicolae_qazlal_scattered_showers
D:4:      layout_loops_ring, grunt_temple_overflow_growth_and_decay,
          nicolae_ru_the_path_less_chosen, lemuel_doored_altar,
          mainiacjoe_overflow_catch_the_wave, minmay_temple_entry_slanted

Skill      XL: |  1  2  3  4  5 |
---------------+----------------+-----
Ranged Weapons | 6 7 8 9 |  9.0
Fighting       | |  1.5
Dodging        | |  2.4
Stealth        | |  1.2

Action                     |  1- 3 |  4- 6 || total
---------------------------+-------+-------++-------
   Fire: Shortbow          |   118 |    78 ||   196
    Use: Scroll            |     5 |     4 ||     9
         Potion            |       |     2 ||     2
 Armour: Leather armour    |    19 |     7 ||    26
         Scale mail        |       |     7 ||     7
  Dodge: Dodged            |    36 |    22 ||    58

Table legend:
 A = Non-vault XP
 B = Vault XP
 C = Vault XP percentage of total XP
 D = Non-vault monster count
 E = Vault monster count
 F = Vault count percentage of total count
                 A         B        C        D         E       F
            +---------+---------+-------+---------+---------+-------
      Total |     278 |       9 |   3.1 |      69 |       6 |   8.0
            +---------+---------+-------+---------+---------+-------
        D:1 |      62 |       9 |  12.7 |      28 |       6 |  17.6
        D:2 |      80 |       0 |   0.0 |      20 |       0 |   0.0
        D:3 |      91 |       0 |   0.0 |      19 |       0 |   0.0
        D:4 |      45 |       0 |   0.0 |       2 |       0 |   0.0
            +---------+---------+-------+---------+---------+-------
